 Dungeon Crawl Stone Soup version 0.31-a0-182-gc5ef74bbde (webtiles) character file.

Game seed: 1801403436505990694

245 frimble the Ruffian (level 6, 0/38 (41) HPs)
             Began as an Octopode Warper on June 20, 2023.
             Slain by a wight
             ... wielding a +3 hand axe
              (3 damage)
             ... on level 6 of the Dungeon.
             The game lasted 00:03:21 (3843 turns).

frimble the Ruffian (Octopode Warper)               Turns: 3843, Time: 00:03:22

HP:   0/38 (41)     AC:  1    Str: 12    XL:     6   Next: 10%
MP:   5/9           EV: 13    Int: 16    God:
Gold: 246           SH:  0    Dex: 11    Spells: 7/9 levels left

rFire   . .          .
                       - Unarmed
rCold   . . .        (no shield)
rNeg    . . .        (helmet restricted)
rPois   .            k - amulet of regeneration
rElec   .            a - ring of see invisible
rCorr   .            (no ring)
SInv    +            (no ring)
Will    .....        (no ring)
Stlth   ++           (no ring)
HPRegen 1.06/turn    (no ring)
MPRegen 0.11/turn    (no ring)
                     (no ring)

%: no passive effects
@: very slightly contaminated, drained
A: almost no armour, amphibious, 8 rings, camouflage 1, gelatinous body 1,
(nimble swimmer 1), tentacles
a: no special abilities


You were on level 6 of the Dungeon.
You visited 1 branch of the dungeon, and saw 6 of its levels.

You collected 246 gold pieces.

Inventory:

Missiles
 b - 6 boomerangs of dispersal (quivered)
 c - 3 poisoned darts
Jewellery
 a - a ring of see invisible (left tentacle)
 k - an amulet of regeneration (around mantle)
 m - an amulet of guardian spirit
Wands
 p - a wand of flame (24)
Scrolls
 n - 2 scrolls of amnesia
 o - a scroll of blinking
 q - a scroll of identify
 r - a scroll of silence {unknown}
Potions
 d - 5 potions of attraction
 e - 2 potions of curing {unknown}
 f - a potion of degeneration {unknown}
 g - a potion of magic {unknown}
 h - a potion of cancellation {unknown}
 i - 3 potions of might {unknown}
 j - a potion of lignification {unknown}
 l - a potion of heal wounds {unknown}


   Skills:
 + Level 2.8 Fighting
 - Level 1.0 Throwing
 - Level 2.3 Dodging
 + Level 5.6 Unarmed Combat
 - Level 2.0 Spellcasting
 + Level 3.2 Translocations
 + Level 0.2 Evocations


You had 7 spell levels left.
You knew the following spells:

 Your Spells              Type           Power      Damage    Failure   Level
a - Blink                 Tloc           22%        N/A       9%          2

Your spell library contained the following spells:

 Spells                   Type           Power      Damage    Failure   Level
 Lesser Beckoning         Tloc           22%        N/A       9%          2
 Teleport Other           Tloc           11%        N/A       17%         3
 Static Discharge         Conj/Air       2%         2-3/arc   30%         2
 Vhi's Electric Charge    Tloc/Air       12%        N/A       32%         3
 Manifold Assault         Tloc           11%        N/A       50%         4
 Airstrike                Air            0%         2d(1-17)  90%         4
 Summon Lightning Spire   Summ/Air       1%         N/A       90%         4


Dungeon Overview and Level Annotations

Branches:
Dungeon (6/15)
 Temple: D:4-7

Altars:

Shops:
D:3 (   D:4 *

Annotations:
D:5 Eustachio


Innate Abilities, Weirdness & Mutations

You cannot wear most types of armour.
You are amphibious.
You can wear up to eight rings at the same time.
Your skin changes colour to match your surroundings (Stealth+).
Your rubbery body absorbs attacks. (AC +1, EV +1)
((You are camouflaged when in or above water. (Stealth+)))
You have tentacles for arms and can constrict up to eight enemies at once.


Message History

An orc comes into view. It is wielding a +0 hand axe.
Okay, then.
There is a stone staircase leading down here.
You climb downwards.
There is a stone staircase leading up here.
Casting: Blink (safe; 9% risk of failure)
Confirm with . or Enter, or press ? or * to list all spells.
You blink.
The wight attacks as you move away! The wight closely misses you. x2
The wight attacks as you move away! The wight hits you with a +0 falchion!
Okay, then.
Unknown command.
Okay, then.
Unknown command.
Okay, then.
Unknown command.
Okay, then.
Unknown command.
You tentacle-slap the wight. Your grab misses the wight.
You squeeze the wight, but do no damage.
The wight is lightly damaged.
You closely miss the wight. You grab the wight.
You squeeze the wight, but do no damage.
The wight is lightly damaged.
You feel stable enough to blink again.
You constrict the wight. The wight hits you with a +3 hand axe!
You tentacle-slap the wight but do no damage.
The wight is lightly damaged.
You constrict the wight, but do no damage.
The wight hits you with a +3 hand axe!
You feel drained.
Casting: Blink (safe; 9% risk of failure)
Confirm with . or Enter, or press ? or * to list all spells.
You miscast Blink.
You are very lightly contaminated with residual magic.
Nothing appears to happen.
You constrict the wight, but do no damage.
The wight hits you with a +3 hand axe!
* * * LOW HITPOINT WARNING * * *
You feel drained.
You die...

#. #. ... #.# #.#
## #.# ###.##.##
..#....########.#
#.#..zzz@.....#
#.<...#######.#
##...## ##.## #.#
#.# #+#


You could see 3 wights.

Vanquished Creatures
  2 orc priests (D:3)
  An iguana (D:4)
  8 adders
  A shadow imp (D:5)
  A worm (D:5)
  5 dart slugs
  4 orcs (D:3)
  3 endoplasms
  A giant cockroach (D:2)
  3 goblins (D:4)
  4 hobgoblins
  7 quokkas
  6 ball pythons
  6 bats
  2 frilled lizards
  10 kobolds
  6 rats
70 creatures vanquished.

Notes
Turn   | Place    | Note
-------+----------+-------------------------------------------
     0 | D:1      | frimble the Octopode Warper began the quest for the Orb.
     0 | D:1      | Reached XP level 1. HP: 14/14 MP: 3/3
   526 | D:1      | Reached XP level 2. HP: 7/19 MP: 5/5
   941 | D:1      | Reached skill level 3 in Unarmed Combat
  1422 | D:2      | Reached XP level 3. HP: 19/24 MP: 6/6
  1669 | D:2      | Reached skill level 4 in Unarmed Combat
  1709 | D:2      | Reached XP level 4. HP: 23/29 MP: 7/7
  2132 | D:4      | Found Vuecuiwk's General Store.
  2288 | D:4      | Learned a level 2 spell: Blink
  2382 | D:3      | Reached skill level 5 in Unarmed Combat
  2382 | D:3      | Reached XP level 5. HP: 24/34 MP: 8/8
  2515 | D:3      | Found Wyres's Weapon Shop.
  3227 | D:4      | Reached XP level 6. HP: 30/41 MP: 9/9
  3533 | D:5      | Entered Level 5 of the Dungeon
  3719 | D:5      | Noticed Eustachio
  3832 | D:5      | Noticed a wyvern
  3843 | D:6      | Slain by a wight

Illustrated notes

Levels and vault maps discovered:
D:1:      dpeg_arrival_rooms_b, layout_loops_corners, serial_co_window_serial,
          co_window_of_opportunity_a, co_window_paths_a, co_window_paths_b,
          co_window_corner_a, co_window_corner_a, co_window_paths_b,
          co_window_paths_a, co_window_paths_a, co_window_cross_1,
          co_window_broadway_a, co_window_2corner, co_window_2corner,
          co_window_paths_c, co_window_broadway_c, co_window_4corner_a,
          glass_columns_a
D:2:      layout_rooms, kennysheep_pointless_box
D:3:      layout_rooms, serial_shops, nicolae_shop_bloodbath_and_beyond,
          minivault_11, minmay_misc_feat_encased, minmay_tree_intersection
D:4:      layout_basic, serial_shops, nicolae_shop_getting_attention
D:5:      layout_basic, enter_ossuary_1, roderic_batcave,
          roderic_serpentine_path, dk_vineyard_1, uniq_eustachio
D:6:      minmay_cornered_nines, layout_loops_corners,
          nicolae_overflow_hidden_temple, general_overflow_altar,
          nicolae_letterblocks [nicolae_letter_subblock,
          nicolae_letter_subblock, nicolae_letter_subblock,
          nicolae_letter_subblock, nicolae_letter_subblock,
          nicolae_letter_subblock, nicolae_letter_subblock,
          nicolae_letter_subblock, nicolae_letter_subblock,
          nicolae_letter_subblock, nicolae_letter_subblock,
          nicolae_letter_subblock, nicolae_letter_subblock,
          nicolae_letter_subblock, nicolae_letter_subblock,
          nicolae_letter_subblock, nicolae_letter_subblock,
          nicolae_letter_subblock, nicolae_letter_subblock,
          nicolae_letter_subblock, nicolae_letter_subblock,
          nicolae_letter_subblock, nicolae_letter_subblock,
          nicolae_letter_subblock, nicolae_letter_subblock]

Skill      XL: |  1  2  3  4 |
---------------+-------------+-----
Unarmed Combat | 3 4 5 |  5.6
Fighting       | |  2.8
Throwing       | |  1.0
Dodging        | |  2.3
Spellcasting   | |  2.0
Translocations | |  3.2
Evocations     | |  0.2

Action                     |  1- 3 |  4- 6 || total
---------------------------+-------+-------++-------
  Melee: Unarmed           |    70 |    86 ||   156
         Constrict         |    17 |    23 ||    40
         Tentacles         |    11 |    15 ||    26
         Punch             |     2 |     4 ||     6
  Throw: Boomerang         |       |     1 ||     1
   Cast: Blink             |       |     1 ||     1
    Use: Scroll            |     4 |     3 ||     7
   Stab: Sleeping          |     7 |     8 ||    15
 Armour: Skin              |     2 |     4 ||     6
  Dodge: Dodged            |    34 |    40 ||    74

Table legend: (Time is in decaauts)
 A = Elapsed time spent in this place.
 B = Non-inter-level travel time spent in this place.
 C = Inter-level travel time spent in this place.
 D = Time resting spent in this place.
 E = Time spent auto-exploring this place.
 F = Levels seen in this place.
 G = Mean time per level.
                   A        B        C        D        E       F      G
               +--------+--------+--------+--------+--------+-----+--------+
         Total |   3829 |   3657 |    172 |      0 |   3160 |   6 |  638.2 |
       Dungeon |   3829 |   3657 |    172 |      0 |   3160 |   6 |  638.2 |
               +--------+--------+--------+--------+--------+-----+--------+

Top non-repeatable levels by time:
     D:1: 1306 daAuts
     D:4: 941 daAuts
     D:3: 646 daAuts
     D:2: 626 daAuts
     D:5: 300 daAuts
     D:6: 7 daAuts
